AoeStats
← 139

Pilgrims

510050912Analyzed
2v2 RM · 4d ago on Sep 29, 2026· 39m 48s· 4 players
Game mode
Random Map
Map size
Medium (4 player)
Population
200
Speed
Normal
Resources
Standard
Victory
Conquest
Starting age
Dark Age
Ending age
Imperial Age
RankedLock teamsTeams togetherTeam positionsShared explorationLock speedFull tech treeHidden civsTurbo modeCheats
Victory
Defeat
🇳🇿 Varangians · New Zealand
1184
+12
🇺🇸 Spanish · United States
1162
+13
🇨🇳 Franks · China
1097
-13
🇵🇪 Hindustanis · Peru
1086
-12
Yorckscher
12:48 Loom
15:35 Feudal Age
20:17 Castle Age
26:51 Imperial Age
24:22 Double-Bit Axe
25:41 Fervor
28:04 Conscription
28:47 Chemistry
31:12 Horse Collar
32:57 Heavy Plow
33:51 Wheelbarrow
33:06 Town Watch
34:11 Bow Saw
34:46 Fletching
35:24 Hand Cart
35:24 Gold Mining
37:54 Shatagni
139
9:14 Loom
13:53 Feudal Age
16:00 Double-Bit Axe
18:17 Castle Age
19:04 Forging
19:00 Scale Barding Armor
21:11 Bow Saw
25:23 Wheelbarrow
29:48 Gold Mining
29:48 Stone Mining
32:00 Chain Barding Armor
32:16 Iron Casting
31:43 Husbandry
34:34 Imperial Age
34:39 Hand Cart
34:43 Cavalier
Imyourextasy
6:42 Loom
12:19 Feudal Age
14:18 Double-Bit Axe
19:04 Castle Age
24:37 Imperial Age
27:08 Bloodlines
27:47 Padded Archer Armor
28:38 Wheelbarrow
29:10 Conscription
28:46 Fletching
29:44 Leather Archer Armor
30:23 Horse Collar
31:14 Ballistics
31:44 Hand Cart
32:23 Bow Saw
31:50 Elite Conquistador
33:52 Chemistry
33:15 Town Watch
34:01 Ring Archer Armor
34:25 Bodkin Arrow
35:08 Bombard Tower
36:11 Supremacy
FinRahZel
12:18 Feudal Age
14:39 Double-Bit Axe
14:59 Loom
18:25 Castle Age
16:44 Stone Mining
17:19 Fishing Lines
18:01 Gold Mining
19:31 Bow Saw
22:27 Stone Shaft Mining
21:55 Gillnets
24:28 Caravan
24:56 Clinker Construction
30:35 Imperial Age
28:57 Scale Barding Armor
30:25 Bloodlines
30:16 Husbandry
30:31 Forging
30:45 Chain Barding Armor
32:26 Two-Man Saw
32:30 Iron Casting
32:34 Carvel Hull
33:12 Conscription
33:35 Plate Barding Armor
33:28 Elite Jarl
35:26 Blast Furnace
37:23 Fletching
37:46 Siege Engineers
37:55 Masonry
Connection lost

Rejoining the realm…

Still unreachable

The connection could not be restored.

Session expired

The server has moved on; the page needs a fresh start.